[ AOE2 MATCH · #477250737 ]
UnrankedKhmer vs Burmese
Player's team · LOSS
[ REPLAY ANALYSIS · EXTRACTED FROM THE RECORDED GAME ]
Feudal
13:39
Castle
16:20
Imperial
—
| APM avg | 25.1 |
| APM peak | 48 |
| eAPM avg | 12.1 |
| Villagers / military | 76 / 18 |
Focus
⚔️ 21.2% · 🌾 78.8%
Knight ×15 · Ballista Elephant ×3
Feudal
14:44
Castle
26:45
Imperial
—
| APM avg | 36.2 |
| APM peak | 73 |
| eAPM avg | 13.1 |
| Villagers / military | 74 / 54 |
Focus
⚔️ 21.8% · 🌾 78.2%
Knight ×40 · Scout Cavalry ×14
Feudal
14:36
Castle
18:43
Imperial
—
| APM avg | 19.3 |
| APM peak | 36 |
| eAPM avg | 10.2 |
| Villagers / military | 61 / 25 |
Focus
⚔️ 22.0% · 🌾 78.0%
Organ Gun ×18 · Battering Ram ×6 · Mangonel ×1
Feudal
13:47
Castle
17:19
Imperial
—
| APM avg | 28.2 |
| APM peak | 65 |
| eAPM avg | 13.8 |
| Villagers / military | 98 / 33 |
Focus
⚔️ 20.8% · 🌾 79.2%
Arambai ×27 · Battering Ram ×6
Feudal
14:31
Castle
18:31
Imperial
—
| APM avg | 23.6 |
| APM peak | 61 |
| eAPM avg | 13.5 |
| Villagers / military | 104 / 14 |
Focus
⚔️ 18.2% · 🌾 81.8%
Mameluke ×13 · Monk ×1
Feudal
14:15
Castle
18:33
Imperial
—
| APM avg | 17.6 |
| APM peak | 29 |
| eAPM avg | 11.6 |
| Villagers / military | 82 / 118 |
Focus
⚔️ 19.8% · 🌾 80.2%
Fire Lancer ×115 · Battering Ram ×3
Feudal
31:36
Castle
—
Imperial
—
| APM avg | 31.8 |
| APM peak | 74 |
| eAPM avg | 13.1 |
| Villagers / military | 41 / 3 |
Focus
⚔️ 42.9% · 🌾 57.1%
Militia ×3
Feudal
13:03
Castle
—
Imperial
—
| APM avg | 47.8 |
| APM peak | 81 |
| eAPM avg | 27.9 |
| Villagers / military | 60 / 3 |
Focus
⚔️ 21.1% · 🌾 78.9%
Scout Cavalry ×3
Match map
Initial resources + every placement click. Lines = walls · curves = elevation contours. ◆ gold · ⬟ stone · ● berries · ✦ relic · ◌ wall gap
Your base· Open — unwalled flank
[LOEL] - Liyuu.'s base· Open — unwalled flank
[BONEK]PanguluSati69's base· Open — unwalled flank
[xbow] Flare's base· Open — 12t gap
FuLongGamingYT's base· Open — unwalled flank
Road To Herald's base· Open — unwalled flank
SeRpenZos's base· Open — unwalled flank
Deret Fourier's base· Open — unwalled flank
Smoothed initial terrain · ◌ = detected wall gap · hover for details
Inputs per minute
— [xbow] _syu_ - - [LOEL] - Liyuu.
Build order — [xbow] _syu_
First 150 of 168 actions detected
| 1:03 | Build | Town Center |
| 2:34 | Build | House |
| 2:57 | Create | Villager (Male) |
| 2:58 | Create | Villager (Male) |
| 3:03 | Create | Villager (Male) |
| 3:03 | Create | Villager (Male) |
| 3:53 | Research | Loom |
| 5:00 | Create | Villager (Male) |
| 5:00 | Create | Villager (Male) |
| 5:09 | Create | Villager (Male) |
| 5:09 | Create | Villager (Male) |
| 5:25 | Create | Villager (Male) |
| 5:25 | Create | Villager (Male) |
| 5:29 | Build | House |
| 5:41 | Create | Villager (Male) |
| 5:41 | Create | Villager (Male) |
| 5:46 | Create | Villager (Male) |
| 5:46 | Create | Villager (Male) |
| 6:50 | Build | House |
| 6:54 | Create | Villager (Male) |
| 7:04 | Create | Villager (Male) |
| 7:04 | Create | Villager (Male) |
| 7:12 | Create | Villager (Male) |
| 7:43 | Create | Villager (Male) |
| 7:52 | Create | Villager (Male) |
| 8:43 | Create | Villager (Male) |
| 8:53 | Build | Mining Camp |
| 8:55 | Create | Villager (Male) |
| 9:09 | Create | Villager (Male) |
| 9:09 | Create | Villager (Male) |
| 9:09 | Create | Villager (Male) |
| 9:17 | Create | Villager (Male) |
| 9:25 | Create | Villager (Male) |
| 9:25 | Create | Villager (Male) |
| 9:30 | Create | Villager (Male) |
| 9:40 | Build | House |
| 11:19 | Create | Villager (Male) |
| 11:29 | Research | Feudal Age |
| 12:28 | Create | Villager (Male) |
| 12:29 | Create | Villager (Male) |
| 13:39 | Age | Feudal Age |
| 13:40 | Research | Castle Age |
| 14:21 | Build | Lumber Camp |
| 14:37 | Build | Palisade Wall |
| 14:41 | Build | House |
| 14:47 | Build | Palisade Wall |
| 14:51 | Build | Palisade Wall |
| 14:54 | Build | Palisade Wall |
| 15:19 | Build | Stable |
| 15:40 | Research | Double-Bit Axe |
| 16:16 | Build | Stable |
| 16:20 | Age | Castle Age |
| 16:23 | Create | Knight |
| 16:24 | Create | Knight |
| 16:25 | Create | Villager (Male) |
| 16:30 | Create | Villager (Male) |
| 16:59 | Create | Knight |
| 17:00 | Create | Knight |
| 17:03 | Create | Knight |
| 17:12 | Create | Villager (Male) |
| 17:26 | Build | Town Center |
| 17:29 | Create | Villager (Male) |
| 17:46 | Research | Town Watch |
| 17:50 | Build | House |
| 17:51 | Build | House |
| 18:13 | Create | Villager (Male) |
| 18:16 | Build | Farm |
| 18:17 | Build | Farm |
| 18:30 | Build | Palisade Gate |
| 18:52 | Build | Farm |
| 18:58 | Build | Farm |
| 19:23 | Create | Villager (Male) |
| 19:31 | Build | Blacksmith |
| 19:55 | Build | Farm |
| 20:01 | Build | Farm |
| 20:03 | Build | Farm |
| 20:08 | Build | House |
| 20:30 | Create | Villager (Male) |
| 20:30 | Create | Villager (Male) |
| 20:35 | Build | Farm |
| 20:36 | Build | Farm |
| 20:41 | Create | Villager (Male) |
| 20:49 | Create | Knight |
| 20:56 | Create | Villager (Male) |
| 21:03 | Build | Farm |
| 21:24 | Build | Mill |
| 21:34 | Create | Knight |
| 21:36 | Create | Villager (Male) |
| 21:41 | Build | Farm |
| 21:55 | Create | Villager (Male) |
| 22:00 | Create | Knight |
| 22:16 | Build | Market |
| 22:27 | Create | Villager (Male) |
| 22:32 | Build | Farm |
| 22:34 | Build | Farm |
| 22:51 | Research | Forging |
| 22:52 | Research | Forging |
| 22:57 | Build | Farm |
| 23:02 | Build | Mining Camp |
| 23:05 | Create | Villager (Male) |
| 23:28 | Create | Knight |
| 23:53 | Research | Bloodlines |
| 24:05 | Create | Villager (Male) |
| 24:26 | Build | Town Center |
| 24:40 | Create | Knight |
| 24:46 | Create | Villager (Male) |
| 25:28 | Research | Scale Barding Armor |
| 25:35 | Create | Villager (Male) |
| 25:57 | Create | Knight |
| 25:58 | Create | Knight |
| 26:04 | Create | Knight |
| 26:10 | Create | Villager (Male) |
| 26:16 | Create | Villager (Male) |
| 26:22 | Create | Villager (Male) |
| 26:26 | Build | Farm |
| 26:39 | Research | Horse Collar |
| 26:44 | Build | Farm |
| 26:44 | Build | Farm |
| 26:46 | Build | Farm |
| 26:47 | Build | Farm |
| 27:07 | Research | Chain Barding Armor |
| 27:08 | Create | Villager (Male) |
| 27:12 | Build | Farm |
| 27:13 | Create | Villager (Male) |
| 28:29 | Create | Knight |
| 28:29 | Create | Knight |
| 28:29 | Create | Villager (Male) |
| 28:31 | Create | Villager (Male) |
| 28:34 | Build | House |
| 28:36 | Build | House |
| 28:39 | Research | Wheelbarrow |
| 28:41 | Build | House |
| 28:44 | Create | Villager (Male) |
| 28:55 | Create | Villager (Male) |
| 28:57 | Create | Villager (Male) |
| 28:58 | Create | Villager (Male) |
| 29:01 | Create | Villager (Male) |
| 29:28 | Create | Villager (Male) |
| 29:30 | Create | Villager (Male) |
| 29:40 | Build | Monastery |
| 29:47 | Research | Iron Casting |
| 29:48 | Create | Villager (Male) |
| 29:51 | Build | House |
| 29:52 | Build | House |
| 29:53 | Build | House |
| 29:54 | Create | Villager (Male) |
| 29:55 | Create | Villager (Male) |
| 30:00 | Build | Lumber Camp |
| 30:07 | Create | Villager (Male) |
| 30:08 | Create | Villager (Male) |
Build order — [LOEL] - Liyuu.
First 150 of 212 actions detected
| 0:08 | Build | House |
| 0:09 | Build | House |
| 0:15 | Build | Lumber Camp |
| 1:07 | Build | Town Center |
| 3:35 | Create | Villager (Male) |
| 3:35 | Create | Villager (Male) |
| 3:35 | Create | Villager (Male) |
| 3:35 | Create | Villager (Male) |
| 3:36 | Create | Villager (Male) |
| 3:36 | Research | Loom |
| 5:40 | Create | Villager (Male) |
| 5:58 | Create | Villager (Male) |
| 5:59 | Create | Villager (Male) |
| 6:20 | Create | Villager (Male) |
| 6:51 | Create | Villager (Male) |
| 7:07 | Create | Villager (Male) |
| 7:07 | Create | Villager (Male) |
| 7:28 | Build | House |
| 7:41 | Build | Outpost |
| 7:47 | Build | Outpost |
| 7:54 | Create | Villager (Male) |
| 7:54 | Create | Villager (Male) |
| 7:54 | Create | Villager (Male) |
| 7:54 | Create | Villager (Male) |
| 8:17 | Create | Villager (Male) |
| 8:35 | Create | Villager (Male) |
| 8:59 | Create | Villager (Male) |
| 9:00 | Create | Villager (Male) |
| 9:00 | Create | Villager (Male) |
| 9:50 | Build | House |
| 9:55 | Create | Villager (Male) |
| 9:55 | Create | Villager (Male) |
| 9:56 | Create | Villager (Male) |
| 9:56 | Create | Villager (Male) |
| 10:42 | Build | Mill |
| 10:47 | Create | Villager (Male) |
| 10:47 | Create | Villager (Male) |
| 11:43 | Build | Mining Camp |
| 11:49 | Build | House |
| 12:34 | Research | Feudal Age |
| 12:34 | Research | Feudal Age |
| 13:01 | Build | Barracks |
| 14:19 | Build | House |
| 14:20 | Build | House |
| 14:44 | Age | Feudal Age |
| 14:45 | Build | Stable |
| 14:48 | Create | Villager (Male) |
| 14:48 | Create | Villager (Male) |
| 14:48 | Create | Villager (Male) |
| 14:49 | Create | Villager (Male) |
| 15:12 | Build | Blacksmith |
| 15:15 | Create | Scout Cavalry |
| 15:16 | Create | Scout Cavalry |
| 15:16 | Create | Scout Cavalry |
| 15:16 | Create | Scout Cavalry |
| 15:40 | Research | Forging |
| 15:50 | Build | Mill |
| 16:19 | Research | Scale Barding Armor |
| 16:21 | Create | Villager (Male) |
| 16:21 | Create | Villager (Male) |
| 16:28 | Build | Farm |
| 16:28 | Build | Farm |
| 16:28 | Build | Farm |
| 16:28 | Build | Farm |
| 16:29 | Build | Farm |
| 16:29 | Build | Farm |
| 16:32 | Build | Farm |
| 17:06 | Build | Farm |
| 17:08 | Build | Farm |
| 17:55 | Create | Villager (Male) |
| 17:55 | Create | Villager (Male) |
| 17:59 | Build | House |
| 18:00 | Build | House |
| 18:00 | Build | House |
| 18:02 | Build | House |
| 18:04 | Build | Palisade Wall |
| 18:14 | Create | Scout Cavalry |
| 18:14 | Create | Scout Cavalry |
| 18:30 | Build | Farm |
| 18:31 | Build | Farm |
| 18:35 | Build | Mill |
| 18:35 | Build | Farm |
| 18:36 | Build | Farm |
| 18:36 | Build | Farm |
| 18:36 | Build | Farm |
| 18:43 | Create | Scout Cavalry |
| 18:43 | Create | Scout Cavalry |
| 18:43 | Create | Scout Cavalry |
| 19:27 | Create | Villager (Male) |
| 19:27 | Create | Villager (Male) |
| 19:48 | Create | Scout Cavalry |
| 19:48 | Create | Scout Cavalry |
| 19:49 | Create | Scout Cavalry |
| 20:19 | Build | Farm |
| 20:23 | Research | Wheelbarrow |
| 20:26 | Build | Farm |
| 20:32 | Build | Farm |
| 20:32 | Build | Farm |
| 20:33 | Build | Farm |
| 20:44 | Create | Scout Cavalry |
| 20:44 | Create | Scout Cavalry |
| 21:07 | Create | Villager (Male) |
| 21:08 | Create | Villager (Male) |
| 21:11 | Build | Lumber Camp |
| 22:01 | Build | Farm |
| 22:01 | Build | Farm |
| 22:01 | Build | Farm |
| 22:01 | Build | Farm |
| 22:03 | Create | Villager (Male) |
| 22:04 | Create | Villager (Male) |
| 22:06 | Research | Double-Bit Axe |
| 22:34 | Build | Farm |
| 22:42 | Build | Farm |
| 22:44 | Create | Villager (Male) |
| 22:45 | Create | Villager (Male) |
| 23:31 | Build | Stable |
| 24:01 | Build | Market |
| 24:05 | Research | Castle Age |
| 24:05 | Research | Castle Age |
| 24:48 | Build | Stable |
| 24:51 | Create | Villager (Male) |
| 24:52 | Create | Villager (Male) |
| 24:52 | Create | Villager (Male) |
| 24:52 | Create | Villager (Male) |
| 26:08 | Build | Stable |
| 26:16 | Research | Gold Mining |
| 26:45 | Age | Castle Age |
| 26:47 | Research | Husbandry |
| 26:47 | Create | Knight |
| 26:47 | Create | Knight |
| 26:48 | Create | Knight |
| 26:48 | Create | Knight |
| 26:48 | Create | Knight |
| 26:48 | Create | Knight |
| 26:52 | Create | Knight |
| 27:06 | Research | Chain Barding Armor |
| 27:39 | Create | Knight |
| 27:39 | Create | Knight |
| 27:49 | Create | Villager (Male) |
| 27:49 | Create | Villager (Male) |
| 27:54 | Build | Town Center |
| 27:56 | Create | Villager (Male) |
| 27:57 | Create | Villager (Male) |
| 28:00 | Build | House |
| 28:01 | Build | House |
| 28:02 | Build | House |
| 28:03 | Build | House |
| 28:04 | Build | House |
| 28:36 | Create | Knight |
| 28:36 | Create | Knight |
Build order — [BONEK]PanguluSati69
121 actions detected in the replay
| 0:37 | Build | Town Center |
| 1:23 | Build | Mill |
| 2:38 | Create | Villager (Male) ×4 |
| 2:42 | Build | House |
| 4:23 | Research | Loom |
| 4:45 | Build | House |
| 4:56 | Create | Villager (Male) ×3 |
| 5:57 | Create | Villager (Male) |
| 6:07 | Create | Villager (Male) ×3 |
| 6:40 | Create | Villager (Male) |
| 6:55 | Build | House |
| 7:15 | Create | Villager (Male) |
| 8:13 | Create | Villager (Male) ×4 |
| 8:40 | Create | Villager (Male) ×2 |
| 8:48 | Build | Mill |
| 9:04 | Create | Villager (Male) |
| 9:20 | Create | Villager (Male) |
| 9:23 | Build | House |
| 10:33 | Create | Villager (Male) |
| 11:07 | Build | Mining Camp |
| 12:11 | Build | Mill |
| 12:20 | Research | Feudal Age |
| 12:52 | Build | House |
| 14:33 | Build | Mill |
| 14:36 | Age | Feudal Age |
| 14:40 | Create | Villager (Male) |
| 14:40 | Create | Villager (Male) |
| 14:40 | Create | Villager (Male) |
| 14:46 | Build | Blacksmith |
| 14:52 | Build | Market |
| 15:14 | Build | Palisade Wall |
| 15:17 | Build | Palisade Wall |
| 15:20 | Build | Palisade Wall |
| 15:29 | Build | Palisade Wall |
| 16:03 | Research | Castle Age |
| 16:11 | Build | House |
| 16:25 | Build | Lumber Camp |
| 17:05 | Build | Palisade Gate |
| 17:20 | Build | Palisade Wall |
| 18:43 | Age | Castle Age |
| 19:02 | Build | Town Center |
| 19:47 | Build | Castle |
| 20:28 | Build | Siege Workshop |
| 21:04 | Create | Mangonel |
| 21:16 | Create | Villager (Male) |
| 21:17 | Create | Villager (Male) |
| 21:17 | Create | Villager (Male) |
| 21:37 | Build | Mining Camp |
| 21:48 | Create | Villager (Male) |
| 21:49 | Create | Villager (Male) |
| 21:49 | Create | Villager (Male) |
| 21:49 | Create | Villager (Male) |
| 22:24 | Create | Villager (Male) |
| 22:24 | Create | Villager (Male) |
| 22:25 | Create | Villager (Male) |
| 22:25 | Create | Villager (Male) |
| 22:56 | Create | Organ Gun |
| 24:26 | Build | Mining Camp |
| 24:42 | Build | Mining Camp |
| 24:53 | Build | Gate |
| 24:57 | Build | Stone Wall |
| 25:11 | Build | House |
| 25:12 | Build | House |
| 25:14 | Build | House |
| 25:47 | Build | Mining Camp |
| 26:03 | Build | Palisade Wall |
| 26:20 | Build | House |
| 26:21 | Build | House |
| 26:22 | Build | House |
| 26:39 | Create | Villager (Male) |
| 26:40 | Create | Villager (Male) |
| 26:40 | Create | Villager (Male) |
| 26:40 | Create | Villager (Male) |
| 26:41 | Create | Villager (Male) |
| 26:41 | Create | Villager (Male) |
| 26:41 | Create | Villager (Male) |
| 27:36 | Create | Villager (Male) |
| 27:36 | Create | Villager (Male) |
| 27:52 | Build | Town Center |
| 28:11 | Research | Town Watch |
| 28:45 | Research | Wheelbarrow |
| 28:46 | Create | Villager (Male) |
| 29:18 | Build | Siege Workshop |
| 29:20 | Create | Villager (Male) |
| 29:30 | Build | Mill |
| 29:53 | Create | Villager (Male) |
| 30:17 | Create | Battering Ram |
| 30:17 | Create | Battering Ram |
| 30:17 | Create | Battering Ram |
| 30:18 | Create | Battering Ram |
| 30:21 | Create | Villager (Male) |
| 31:08 | Build | Castle |
| 31:44 | Build | Town Center |
| 31:54 | Research | Double-Bit Axe |
| 32:23 | Create | Villager (Male) |
| 32:23 | Create | Villager (Male) |
| 32:24 | Create | Villager (Male) |
| 32:24 | Create | Villager (Male) |
| 32:24 | Create | Villager (Male) |
| 32:26 | Create | Villager (Male) |
| 32:43 | Create | Battering Ram |
| 32:51 | Create | Villager (Male) |
| 33:00 | Create | Battering Ram |
| 33:11 | Create | Organ Gun |
| 33:25 | Create | Organ Gun |
| 33:25 | Create | Organ Gun |
| 33:27 | Create | Villager (Male) |
| 33:27 | Create | Villager (Male) |
| 33:27 | Create | Villager (Male) |
| 33:28 | Create | Villager (Male) |
| 33:37 | Build | Gate |
| 33:39 | Create | Villager (Male) |
| 33:51 | Create | Organ Gun ×2 |
| 33:51 | Create | Organ Gun ×2 |
| 34:08 | Create | Organ Gun |
| 34:23 | Create | Organ Gun |
| 34:24 | Create | Organ Gun |
| 34:24 | Create | Organ Gun |
| 34:49 | Create | Organ Gun ×2 |
| 35:15 | Create | Organ Gun ×2 |
| 35:32 | Create | Organ Gun ×2 |
Build order — [xbow] Flare
First 150 of 207 actions detected
| 0:08 | Build | Town Center |
| 2:02 | Build | House |
| 2:03 | Build | House |
| 2:18 | Create | Villager (Male) |
| 2:18 | Create | Villager (Male) |
| 2:18 | Create | Villager (Male) |
| 2:19 | Create | Villager (Male) |
| 3:04 | Build | House |
| 3:39 | Build | House |
| 3:52 | Create | Villager (Male) |
| 3:58 | Create | Villager (Male) |
| 4:11 | Build | House |
| 4:20 | Build | House |
| 4:29 | Create | Villager (Male) |
| 4:29 | Create | Villager (Male) |
| 4:52 | Create | Villager (Male) |
| 5:41 | Create | Villager (Male) |
| 5:41 | Create | Villager (Male) |
| 5:42 | Build | House |
| 5:48 | Create | Villager (Male) |
| 5:48 | Create | Villager (Male) |
| 6:01 | Build | Mill |
| 6:12 | Create | Villager (Male) |
| 6:38 | Create | Villager (Male) |
| 6:39 | Create | Villager (Male) |
| 6:54 | Research | Loom |
| 7:50 | Build | House |
| 8:03 | Create | Villager (Male) |
| 8:03 | Create | Villager (Male) |
| 8:04 | Create | Villager (Male) |
| 8:05 | Create | Villager (Male) |
| 8:06 | Create | Villager (Male) |
| 8:24 | Create | Villager (Male) |
| 8:36 | Create | Villager (Male) |
| 8:40 | Create | Villager (Male) |
| 9:21 | Build | Mill |
| 9:39 | Build | Mining Camp |
| 10:08 | Create | Villager (Male) |
| 11:11 | Build | Mining Camp |
| 11:35 | Build | Mill |
| 11:37 | Research | Feudal Age |
| 11:40 | Create | Villager (Male) |
| 11:42 | Create | Villager (Male) |
| 11:50 | Build | House |
| 13:47 | Age | Feudal Age |
| 13:50 | Build | Market |
| 13:53 | Build | Blacksmith |
| 14:39 | Research | Castle Age |
| 14:58 | Build | Outpost |
| 15:05 | Create | Villager (Male) |
| 15:36 | Build | Outpost |
| 15:58 | Build | Outpost |
| 16:03 | Create | Villager (Male) |
| 16:31 | Create | Villager (Male) |
| 16:57 | Research | Fletching |
| 17:19 | Age | Castle Age |
| 17:22 | Build | Castle |
| 18:00 | Build | Mining Camp |
| 18:10 | Create | Villager (Male) |
| 18:23 | Research | Horse Collar |
| 18:28 | Build | Siege Workshop |
| 18:30 | Create | Arambai |
| 18:40 | Create | Arambai |
| 18:52 | Build | Farm |
| 18:55 | Create | Arambai |
| 19:04 | Create | Villager (Male) |
| 19:21 | Create | Villager (Male) |
| 19:31 | Create | Battering Ram |
| 20:15 | Create | Villager (Male) |
| 20:32 | Create | Arambai |
| 20:43 | Create | Villager (Male) |
| 20:45 | Build | Farm |
| 20:52 | Create | Battering Ram |
| 21:14 | Create | Arambai |
| 21:19 | Create | Villager (Male) |
| 21:22 | Build | Farm |
| 21:32 | Create | Villager (Male) |
| 21:54 | Create | Arambai |
| 21:59 | Create | Battering Ram |
| 22:04 | Create | Villager (Male) |
| 22:17 | Build | Farm |
| 22:41 | Create | Arambai |
| 22:47 | Build | Farm |
| 22:49 | Build | Farm |
| 23:07 | Create | Arambai |
| 23:12 | Create | Villager (Male) |
| 23:39 | Create | Villager (Male) |
| 23:42 | Create | Arambai |
| 23:56 | Create | Battering Ram |
| 24:04 | Build | House |
| 24:05 | Build | House |
| 24:07 | Create | Villager (Male) |
| 24:25 | Create | Arambai |
| 24:38 | Create | Villager (Male) |
| 24:53 | Build | Town Center |
| 24:55 | Build | Farm |
| 24:56 | Build | Farm |
| 24:57 | Build | Lumber Camp |
| 25:09 | Build | Outpost |
| 25:10 | Create | Arambai |
| 25:21 | Create | Villager (Male) |
| 25:39 | Create | Arambai |
| 25:43 | Create | Arambai |
| 25:50 | Create | Arambai |
| 25:52 | Create | Villager (Male) |
| 26:30 | Create | Villager (Male) |
| 26:32 | Build | Farm |
| 26:34 | Build | Farm |
| 26:36 | Build | Farm |
| 26:39 | Build | Farm |
| 26:41 | Build | Farm |
| 26:43 | Build | Farm |
| 27:02 | Create | Arambai |
| 27:08 | Create | Villager (Male) |
| 27:13 | Build | House |
| 27:15 | Create | Villager (Male) |
| 27:20 | Build | Farm |
| 27:22 | Create | Arambai |
| 27:33 | Create | Villager (Male) |
| 27:42 | Build | Farm |
| 27:43 | Create | Villager (Male) |
| 27:59 | Create | Villager (Male) |
| 28:09 | Create | Villager (Male) |
| 28:10 | Create | Arambai |
| 28:13 | Create | Arambai |
| 28:16 | Build | Farm |
| 28:22 | Build | Siege Workshop |
| 28:24 | Create | Villager (Male) |
| 28:35 | Create | Villager (Male) |
| 28:35 | Create | Villager (Male) |
| 28:55 | Create | Villager (Male) |
| 28:58 | Build | Town Center |
| 28:59 | Create | Villager (Male) |
| 29:01 | Build | Farm |
| 29:02 | Create | Villager (Male) |
| 29:05 | Create | Arambai |
| 29:19 | Create | Villager (Male) |
| 29:25 | Create | Arambai |
| 29:27 | Create | Villager (Male) |
| 29:31 | Build | Farm |
| 29:33 | Create | Villager (Male) |
| 29:54 | Create | Villager (Male) |
| 29:55 | Build | House |
| 29:56 | Build | House |
| 29:56 | Build | House |
| 29:56 | Build | House |
| 29:56 | Build | House |
| 29:59 | Create | Villager (Male) |
| 30:10 | Create | Villager (Male) |
| 30:15 | Build | Mining Camp |
Build order — FuLongGamingYT
First 150 of 237 actions detected
| 0:18 | Build | Town Center |
| 1:04 | Build | House |
| 1:06 | Build | Lumber Camp |
| 2:50 | Create | Villager (Male) ×4 |
| 4:15 | Research | Loom |
| 4:45 | Build | House |
| 4:57 | Create | Villager (Male) |
| 5:16 | Create | Villager (Male) |
| 5:48 | Build | House |
| 5:56 | Create | Villager (Male) |
| 6:13 | Create | Villager (Male) |
| 6:49 | Create | Villager (Male) |
| 6:50 | Create | Villager (Male) |
| 7:30 | Create | Villager (Male) |
| 7:58 | Create | Villager (Male) |
| 7:59 | Create | Villager (Male) |
| 8:30 | Create | Villager (Male) |
| 8:55 | Create | Villager (Male) |
| 8:57 | Create | Villager (Male) |
| 8:57 | Create | Villager (Male) |
| 9:00 | Build | House |
| 9:39 | Create | Villager (Male) |
| 10:09 | Build | Mill |
| 10:18 | Create | Villager (Male) |
| 11:01 | Create | Villager (Male) |
| 11:01 | Create | Villager (Male) |
| 11:53 | Build | Mining Camp |
| 12:21 | Research | Feudal Age |
| 12:24 | Create | Villager (Male) |
| 12:25 | Create | Villager (Male) |
| 12:29 | Build | House |
| 14:12 | Build | Mining Camp |
| 14:31 | Age | Feudal Age |
| 14:49 | Build | Market |
| 15:02 | Build | Blacksmith |
| 15:04 | Build | House |
| 15:22 | Create | Villager (Male) |
| 15:44 | Build | Palisade Gate |
| 15:51 | Research | Castle Age |
| 16:19 | Research | Double-Bit Axe |
| 16:36 | Build | Palisade Wall |
| 16:52 | Build | Palisade Wall |
| 17:16 | Create | Villager (Male) |
| 17:30 | Build | Farm |
| 17:32 | Build | Farm |
| 17:35 | Research | Horse Collar |
| 18:02 | Create | Villager (Male) |
| 18:31 | Age | Castle Age |
| 18:48 | Build | Castle |
| 18:59 | Build | House |
| 19:01 | Build | House |
| 19:03 | Build | House |
| 19:05 | Build | House |
| 19:17 | Create | Villager (Male) |
| 19:24 | Create | Villager (Male) |
| 20:03 | Build | Stone Wall |
| 20:26 | Create | Villager (Male) |
| 20:39 | Create | Mameluke |
| 20:39 | Create | Mameluke |
| 20:42 | Build | Barracks |
| 20:50 | Build | Town Center |
| 21:01 | Create | Villager (Male) |
| 21:02 | Create | Villager (Male) |
| 21:06 | Build | Farm |
| 21:18 | Build | Stable |
| 21:23 | Create | Mameluke |
| 21:52 | Build | Farm |
| 21:54 | Create | Villager (Male) |
| 22:11 | Create | Villager (Male) |
| 22:37 | Create | Mameluke |
| 22:38 | Create | Villager (Male) |
| 22:43 | Build | Farm |
| 22:45 | Build | Farm |
| 22:47 | Build | Farm |
| 22:49 | Build | Farm |
| 23:09 | Create | Villager (Male) |
| 23:09 | Create | Villager (Male) |
| 23:29 | Create | Villager (Male) |
| 23:42 | Build | Town Center |
| 23:48 | Create | Villager (Male) |
| 23:52 | Build | Farm |
| 23:53 | Build | Farm |
| 23:55 | Build | Farm |
| 23:57 | Build | Farm |
| 24:17 | Research | Bow Saw |
| 24:23 | Create | Villager (Male) |
| 24:30 | Build | House |
| 24:31 | Build | House |
| 24:51 | Create | Villager (Male) |
| 24:52 | Create | Villager (Male) |
| 24:52 | Create | Villager (Male) |
| 24:55 | Build | Farm |
| 24:57 | Build | Farm |
| 24:59 | Create | Villager (Male) |
| 25:08 | Create | Villager (Male) |
| 25:26 | Create | Villager (Male) |
| 25:43 | Create | Villager (Male) |
| 25:46 | Build | Farm |
| 25:47 | Build | Farm |
| 25:49 | Build | Farm |
| 26:02 | Build | Stone Wall |
| 26:04 | Create | Villager (Male) |
| 26:04 | Create | Villager (Male) |
| 26:06 | Build | Lumber Camp |
| 26:20 | Research | Scale Barding Armor |
| 26:27 | Create | Villager (Male) |
| 26:27 | Create | Villager (Male) |
| 26:31 | Build | Farm |
| 26:32 | Build | Farm |
| 26:48 | Create | Villager (Male) |
| 27:02 | Build | Town Center |
| 27:04 | Create | Villager (Male) |
| 27:05 | Create | Mameluke |
| 27:14 | Create | Villager (Male) |
| 27:14 | Create | Villager (Male) |
| 27:21 | Build | House |
| 27:22 | Build | House |
| 27:24 | Build | House |
| 27:25 | Build | House |
| 27:26 | Build | House |
| 27:34 | Create | Villager (Male) |
| 27:34 | Create | Villager (Male) |
| 27:38 | Build | Farm |
| 27:40 | Build | Farm |
| 27:44 | Create | Villager (Male) |
| 27:50 | Research | Town Watch |
| 27:51 | Create | Villager (Male) |
| 28:01 | Build | Farm |
| 28:08 | Create | Villager (Male) |
| 28:08 | Create | Villager (Male) |
| 28:17 | Build | Farm |
| 28:17 | Build | Farm |
| 28:18 | Build | Farm |
| 28:18 | Build | Farm |
| 28:18 | Build | Farm |
| 28:21 | Create | Villager (Male) |
| 28:25 | Research | Heavy Plow |
| 28:33 | Create | Villager (Male) |
| 28:40 | Build | Monastery |
| 28:43 | Create | Villager (Male) |
| 28:44 | Create | Villager (Male) |
| 29:06 | Research | Forging |
| 29:08 | Create | Villager (Male) |
| 29:11 | Build | Farm |
| 29:12 | Build | Farm |
| 29:15 | Build | House |
| 29:21 | Build | Stone Wall |
| 29:29 | Create | Villager (Male) |
| 29:29 | Create | Villager (Male) |
| 29:30 | Create | Villager (Male) |
Build order — Road To Herald
First 150 of 177 actions detected
| 0:09 | Build | Town Center |
| 1:52 | Build | House |
| 2:25 | Build | House |
| 2:57 | Create | Villager (Male) ×4 |
| 2:57 | Research | Loom |
| 4:33 | Create | Villager (Male) |
| 4:55 | Build | House |
| 5:06 | Create | Villager (Male) |
| 5:42 | Create | Villager (Male) |
| 5:55 | Build | House |
| 6:06 | Create | Villager (Male) |
| 6:06 | Create | Villager (Male) |
| 6:06 | Create | Villager (Male) |
| 7:01 | Create | Villager (Male) |
| 7:06 | Create | Villager (Male) |
| 7:42 | Create | Villager (Male) |
| 8:24 | Create | Villager (Male) |
| 8:54 | Build | Mill |
| 8:59 | Create | Villager (Male) |
| 9:00 | Create | Villager (Male) |
| 9:09 | Create | Villager (Male) |
| 9:40 | Create | Villager (Male) |
| 9:58 | Create | Villager (Male) |
| 10:55 | Create | Villager (Male) |
| 10:56 | Create | Villager (Male) |
| 11:22 | Build | Mining Camp |
| 11:35 | Create | Villager (Male) |
| 11:37 | Build | House |
| 12:05 | Research | Feudal Age |
| 13:18 | Create | Villager (Male) |
| 13:50 | Build | House |
| 14:15 | Age | Feudal Age |
| 14:25 | Build | Market |
| 14:28 | Build | Blacksmith |
| 14:33 | Build | House |
| 14:48 | Build | House |
| 15:03 | Create | Villager (Male) |
| 15:22 | Create | Villager (Male) |
| 15:52 | Research | Castle Age |
| 15:59 | Build | Lumber Camp |
| 16:29 | Create | Villager (Male) |
| 17:00 | Create | Villager (Male) |
| 17:00 | Create | Villager (Male) |
| 17:08 | Build | House |
| 17:09 | Build | House |
| 17:10 | Build | House |
| 17:12 | Build | House |
| 17:13 | Build | House |
| 17:33 | Build | House |
| 17:35 | Build | House |
| 17:38 | Build | House |
| 17:45 | Build | House |
| 17:54 | Research | Double-Bit Axe |
| 17:56 | Research | Horse Collar |
| 18:33 | Age | Castle Age |
| 18:39 | Create | Villager (Male) |
| 18:56 | Build | Town Center |
| 19:03 | Build | House |
| 19:20 | Research | Wheelbarrow |
| 19:45 | Build | Farm |
| 19:48 | Build | Farm |
| 19:48 | Build | Farm |
| 19:54 | Build | Farm |
| 20:18 | Build | Farm |
| 20:28 | Build | House |
| 20:29 | Build | House |
| 20:31 | Create | Villager (Male) |
| 20:43 | Build | Farm |
| 20:52 | Create | Villager (Male) |
| 20:53 | Create | Villager (Male) |
| 20:57 | Build | Farm |
| 21:02 | Build | Farm |
| 21:13 | Build | Farm |
| 21:15 | Build | Farm |
| 21:16 | Build | Farm |
| 21:18 | Build | Farm |
| 21:20 | Build | Farm |
| 21:26 | Build | Farm |
| 21:28 | Create | Villager (Male) |
| 21:33 | Build | House |
| 21:51 | Build | Farm |
| 21:53 | Create | Villager (Male) |
| 21:55 | Create | Villager (Male) |
| 22:16 | Build | Barracks |
| 22:20 | Create | Villager (Male) ×2 |
| 22:36 | Create | Villager (Male) |
| 22:43 | Build | Farm |
| 22:45 | Create | Villager (Male) |
| 22:47 | Create | Villager (Male) |
| 22:54 | Create | Villager (Male) |
| 23:18 | Build | Barracks |
| 23:21 | Research | Squires |
| 23:29 | Create | Villager (Male) |
| 23:30 | Create | Villager (Male) |
| 23:43 | Research | Gold Mining |
| 23:44 | Create | Villager (Male) |
| 23:48 | Create | Fire Lancer |
| 23:52 | Create | Villager (Male) |
| 23:57 | Research | Scale Mail Armor |
| 24:08 | Create | Villager (Male) |
| 24:17 | Build | Barracks |
| 24:20 | Create | Fire Lancer |
| 24:23 | Create | Villager (Male) |
| 24:23 | Create | Villager (Male) |
| 24:33 | Build | House |
| 24:34 | Build | House |
| 24:35 | Build | House |
| 24:36 | Create | Villager (Male) |
| 24:43 | Create | Fire Lancer |
| 24:59 | Create | Fire Lancer |
| 25:01 | Create | Fire Lancer |
| 25:11 | Build | Siege Workshop |
| 25:30 | Create | Fire Lancer ×5 |
| 25:30 | Create | Fire Lancer ×5 |
| 25:36 | Research | Chain Mail Armor |
| 25:44 | Create | Villager (Male) ×3 |
| 25:47 | Create | Fire Lancer ×2 |
| 25:47 | Create | Fire Lancer ×2 |
| 26:29 | Create | Villager (Male) ×2 |
| 26:38 | Build | House |
| 26:44 | Create | Villager (Male) |
| 27:15 | Build | House |
| 27:21 | Build | House |
| 27:24 | Research | Forging |
| 27:27 | Create | Villager (Male) |
| 27:27 | Create | Villager (Male) |
| 27:43 | Create | Battering Ram |
| 27:59 | Create | Villager (Male) ×2 |
| 28:07 | Create | Fire Lancer ×5 |
| 28:08 | Create | Fire Lancer ×5 |
| 28:17 | Create | Villager (Male) ×2 |
| 28:38 | Create | Villager (Male) |
| 28:45 | Create | Fire Lancer ×5 |
| 28:49 | Build | House |
| 29:05 | Create | Villager (Male) |
| 29:24 | Create | Battering Ram |
| 29:30 | Build | House |
| 29:34 | Research | Arson |
| 29:44 | Create | Fire Lancer ×4 |
| 29:44 | Create | Fire Lancer ×4 |
| 29:53 | Create | Villager (Male) |
| 29:59 | Build | Farm |
| 30:00 | Create | Villager (Male) |
| 30:06 | Build | Lumber Camp |
| 30:29 | Build | House |
| 30:35 | Create | Fire Lancer ×5 |
| 30:35 | Create | Fire Lancer ×5 |
| 31:01 | Research | Iron Casting |
| 31:02 | Research | Iron Casting |
| 31:12 | Create | Battering Ram |
Build order — SeRpenZos
81 actions detected in the replay
| 0:21 | Build | Town Center |
| 2:38 | Create | Villager (Male) ×4 |
| 4:05 | Research | Loom |
| 4:26 | Create | Villager (Male) |
| 5:03 | Create | Villager (Male) ×2 |
| 5:31 | Create | Villager (Male) |
| 6:02 | Create | Villager (Male) |
| 6:48 | Create | Villager (Male) |
| 7:07 | Create | Villager (Male) |
| 7:25 | Create | Villager (Male) |
| 7:50 | Create | Villager (Male) |
| 8:20 | Create | Villager (Male) ×2 |
| 9:12 | Build | Town Center |
| 9:57 | Create | Villager (Male) |
| 10:58 | Create | Villager (Male) |
| 11:38 | Create | Villager (Male) |
| 11:55 | Build | Barracks |
| 12:33 | Create | Villager (Male) |
| 13:25 | Create | Villager (Male) |
| 13:31 | Create | Militia |
| 14:12 | Create | Militia |
| 14:48 | Create | Militia |
| 15:16 | Build | Palisade Wall |
| 15:24 | Create | Villager (Male) |
| 16:18 | Build | Palisade Wall |
| 16:28 | Create | Villager (Male) |
| 17:08 | Build | Lumber Camp |
| 17:19 | Create | Villager (Male) |
| 17:19 | Create | Villager (Male) |
| 17:42 | Create | Villager (Male) |
| 20:13 | Create | Villager (Male) |
| 22:03 | Build | Mining Camp |
| 23:21 | Build | Outpost |
| 24:56 | Build | Town Center |
| 25:25 | Build | Mining Camp |
| 25:39 | Build | Lumber Camp |
| 25:56 | Build | Lumber Camp |
| 26:40 | Create | Villager (Male) |
| 27:17 | Create | Villager (Male) |
| 27:27 | Build | Palisade Wall |
| 27:28 | Build | Palisade Wall |
| 27:31 | Build | Palisade Wall |
| 27:34 | Build | Palisade Wall |
| 27:42 | Build | Palisade Wall |
| 28:21 | Build | Palisade Wall |
| 28:22 | Build | Palisade Wall |
| 28:26 | Create | Villager (Male) ×5 |
| 28:28 | Create | Villager (Male) |
| 29:26 | Research | Feudal Age |
| 30:45 | Build | Mill |
| 30:59 | Build | Outpost |
| 31:02 | Build | Outpost |
| 31:06 | Build | Outpost |
| 31:24 | Build | Palisade Gate |
| 31:26 | Build | Palisade Gate |
| 31:29 | Build | Palisade Gate |
| 31:36 | Age | Feudal Age |
| 31:44 | Build | Palisade Gate |
| 31:48 | Build | Palisade Wall |
| 31:57 | Build | Palisade Wall |
| 32:03 | Build | Palisade Gate |
| 32:07 | Build | Palisade Gate |
| 32:29 | Build | Market |
| 32:38 | Build | Market |
| 32:42 | Build | Blacksmith |
| 32:47 | Build | Palisade Wall |
| 33:02 | Create | Villager (Male) |
| 33:02 | Create | Villager (Male) |
| 33:03 | Create | Villager (Male) |
| 33:11 | Build | Outpost |
| 33:14 | Research | Town Watch |
| 33:17 | Build | Outpost |
| 33:18 | Build | Outpost |
| 33:26 | Create | Villager (Male) |
| 33:54 | Create | Villager (Male) |
| 34:03 | Build | Outpost |
| 34:06 | Build | Outpost |
| 34:08 | Build | Outpost |
| 34:11 | Build | Outpost |
| 34:42 | Create | Villager (Male) |
| 34:43 | Create | Villager (Male) |
Build order — Deret Fourier
First 150 of 153 actions detected
| 0:31 | Build | Town Center |
| 2:09 | Build | House |
| 2:10 | Build | House |
| 2:27 | Create | Villager (Male) ×4 |
| 2:27 | Create | Villager (Male) ×4 |
| 4:12 | Research | Loom |
| 4:34 | Create | Villager (Male) |
| 4:34 | Create | Villager (Male) |
| 4:54 | Create | Villager (Male) |
| 4:54 | Create | Villager (Male) |
| 5:34 | Create | Villager (Male) |
| 5:34 | Create | Villager (Male) |
| 5:51 | Create | Villager (Male) |
| 6:15 | Create | Villager (Male) |
| 6:34 | Create | Villager (Male) |
| 6:58 | Build | Mill |
| 7:18 | Create | Villager (Male) |
| 7:18 | Create | Villager (Male) |
| 7:27 | Create | Villager (Male) |
| 7:47 | Build | House |
| 8:08 | Create | Villager (Male) |
| 8:21 | Build | House |
| 8:31 | Create | Villager (Male) |
| 9:16 | Create | Villager (Male) |
| 9:19 | Build | House |
| 9:33 | Build | Mining Camp |
| 9:44 | Create | Villager (Male) |
| 10:28 | Create | Villager (Male) |
| 10:43 | Research | Feudal Age |
| 13:03 | Age | Feudal Age |
| 13:06 | Create | Villager (Male) |
| 13:27 | Create | Villager (Male) |
| 13:29 | Build | Lumber Camp |
| 13:44 | Create | Villager (Male) |
| 13:58 | Create | Villager (Male) |
| 14:06 | Create | Villager (Male) |
| 14:28 | Build | Watch Tower |
| 14:47 | Build | Stone Wall |
| 14:48 | Build | Stone Wall |
| 14:50 | Build | Stone Wall |
| 14:51 | Build | Stone Wall |
| 14:54 | Build | Stone Wall |
| 14:57 | Build | Stone Wall |
| 15:03 | Build | Stone Wall |
| 15:07 | Create | Villager (Male) |
| 15:15 | Create | Villager (Male) |
| 15:16 | Build | Stone Wall |
| 15:42 | Build | Stone Wall |
| 15:49 | Build | Stone Wall |
| 15:54 | Create | Villager (Male) |
| 16:38 | Build | Watch Tower |
| 17:14 | Build | Stone Wall |
| 17:28 | Build | Stone Wall |
| 17:29 | Create | Villager (Male) |
| 17:51 | Build | Mill |
| 18:03 | Build | Stone Wall |
| 18:17 | Build | Watch Tower |
| 18:37 | Build | Palisade Wall |
| 18:38 | Build | Palisade Wall |
| 18:38 | Build | Palisade Wall |
| 18:39 | Build | Palisade Wall |
| 18:48 | Research | Double-Bit Axe |
| 19:33 | Create | Villager (Male) |
| 19:40 | Create | Villager (Male) |
| 19:49 | Create | Villager (Male) |
| 20:26 | Build | Watch Tower |
| 20:30 | Build | Palisade Wall |
| 20:36 | Build | Stone Wall |
| 20:38 | Build | Stone Wall |
| 20:53 | Build | House |
| 20:55 | Build | House |
| 20:59 | Build | Stone Wall |
| 21:01 | Build | Stone Wall |
| 21:08 | Build | Stone Wall |
| 21:10 | Build | Stone Wall |
| 21:12 | Build | Stone Wall |
| 21:16 | Create | Villager (Male) |
| 21:43 | Create | Villager (Male) |
| 21:59 | Build | Barracks |
| 22:08 | Create | Villager (Male) |
| 22:14 | Build | House |
| 23:15 | Create | Villager (Male) |
| 23:30 | Build | Farm |
| 23:32 | Build | Farm |
| 23:34 | Build | Farm |
| 23:41 | Create | Villager (Male) |
| 23:47 | Build | Farm |
| 23:55 | Create | Villager (Male) |
| 23:57 | Build | House |
| 24:02 | Build | Archery Range |
| 24:05 | Create | Villager (Male) |
| 24:10 | Create | Villager (Male) |
| 24:17 | Build | Stable |
| 24:25 | Build | Blacksmith |
| 24:28 | Build | Farm |
| 24:28 | Build | Farm |
| 24:44 | Research | Wheelbarrow |
| 24:49 | Create | Villager (Male) |
| 24:53 | Build | Stone Wall |
| 24:54 | Build | Stone Wall |
| 24:58 | Build | Stone Wall |
| 24:59 | Build | Stone Wall |
| 25:01 | Create | Villager (Male) |
| 25:18 | Create | Scout Cavalry |
| 25:19 | Create | Scout Cavalry |
| 25:22 | Create | Scout Cavalry |
| 25:25 | Build | Farm |
| 25:25 | Build | Farm |
| 25:26 | Build | Farm |
| 25:38 | Build | Stone Wall |
| 25:41 | Build | Stone Wall |
| 25:45 | Build | Stone Wall |
| 25:52 | Create | Villager (Male) |
| 26:28 | Create | Villager (Male) |
| 26:59 | Create | Villager (Male) |
| 27:09 | Build | Farm |
| 27:25 | Create | Villager (Male) |
| 27:33 | Build | House |
| 27:35 | Build | House |
| 27:47 | Create | Villager (Male) |
| 28:16 | Create | Villager (Male) |
| 28:18 | Build | Lumber Camp |
| 28:41 | Create | Villager (Male) |
| 29:07 | Create | Villager (Male) |
| 29:20 | Create | Villager (Male) |
| 29:48 | Create | Villager (Male) |
| 30:11 | Create | Villager (Male) |
| 30:15 | Build | Mill |
| 30:24 | Build | Mill |
| 30:46 | Research | Castle Age |
| 30:47 | Research | Castle Age |
| 31:23 | Build | Archery Range |
| 31:25 | Build | Archery Range |
| 31:28 | Build | Archery Range |
| 31:46 | Build | Archery Range |
| 32:14 | Build | Archery Range |
| 32:34 | Build | Town Center |
| 33:05 | Create | Villager (Male) |
| 33:07 | Research | Castle Age |
| 33:08 | Research | Castle Age |
| 33:17 | Build | Lumber Camp |
| 33:21 | Build | Lumber Camp |
| 33:57 | Build | Blacksmith |
| 34:02 | Research | Horse Collar |
| 34:25 | Build | Mill |
| 34:26 | Build | Farm |
| 34:26 | Build | Farm |
| 34:27 | Build | Farm |
| 34:27 | Build | Farm |
| 34:27 | Build | Farm |
Match timeline
| 11:55 | SeRpenZos · first_building Barracks |
| 13:01 | [LOEL] - Liyuu. · first_building Barracks |
| 13:03 | Deret Fourier · age_up feudal |
| 13:39 | [xbow] _syu_ · age_up feudal |
| 13:47 | [xbow] Flare · age_up feudal |
| 14:15 | Road To Herald · age_up feudal |
| 14:31 | FuLongGamingYT · age_up feudal |
| 14:36 | [BONEK]PanguluSati69 · age_up feudal |
| 14:37 | [xbow] _syu_ · wall_segment Palisade Wall x1 |
| 14:44 | [LOEL] - Liyuu. · age_up feudal |
| 14:45 | [LOEL] - Liyuu. · first_building Stable |
| 14:47 | Deret Fourier · wall_segment Stone Wall x1 |
| 14:47 | [xbow] _syu_ · wall_segment Palisade Wall x1 |
| 14:48 | Deret Fourier · wall_segment Stone Wall x1 |
| 14:50 | Deret Fourier · wall_segment Stone Wall x1 |
| 14:51 | Deret Fourier · wall_segment Stone Wall x1 |
| 14:51 | [xbow] _syu_ · wall_segment Palisade Wall x1 |
| 14:54 | [xbow] _syu_ · wall_segment Palisade Wall x1 |
| 14:54 | Deret Fourier · wall_segment Stone Wall x1 |
| 14:57 | Deret Fourier · wall_segment Stone Wall x1 |
| 15:03 | Deret Fourier · wall_segment Stone Wall x1 |
| 15:14 | [BONEK]PanguluSati69 · wall_segment Palisade Wall x1 |
| 15:16 | SeRpenZos · wall_segment Palisade Wall x1 |
| 15:16 | Deret Fourier · wall_segment Stone Wall x1 |
| 15:17 | [BONEK]PanguluSati69 · wall_segment Palisade Wall x1 |
| 15:19 | [xbow] _syu_ · first_building Stable |
| 15:20 | [BONEK]PanguluSati69 · wall_segment Palisade Wall x1 |
| 15:29 | [BONEK]PanguluSati69 · wall_segment Palisade Wall x1 |
| 15:42 | Deret Fourier · wall_segment Stone Wall x1 |
| 15:48 | Road To Herald · first_market_buy 100 food |
| 15:49 | Road To Herald · first_market_sell 100 wood |
| 15:49 | Deret Fourier · wall_segment Stone Wall x1 |
| 15:59 | [BONEK]PanguluSati69 · first_market_sell 100 stone |
| 16:18 | SeRpenZos · wall_segment Palisade Wall x1 |
| 16:20 | [xbow] _syu_ · age_up castle |
| 16:36 | FuLongGamingYT · wall_segment Palisade Wall x1 |
| 16:52 | FuLongGamingYT · wall_segment Palisade Wall x1 |
| 17:14 | Deret Fourier · wall_segment Stone Wall x1 |
| 17:19 | [xbow] Flare · age_up castle |
| 17:20 | [BONEK]PanguluSati69 · wall_segment Palisade Wall x1 |
| 17:22 | [xbow] Flare · first_building Castle |
| 17:28 | Deret Fourier · wall_segment Stone Wall x1 |
| 18:03 | Deret Fourier · wall_segment Stone Wall x1 |
| 18:04 | [LOEL] - Liyuu. · wall_segment Palisade Wall x1 |
| 18:06 | FuLongGamingYT · first_market_buy 100 stone |
| 18:28 | [xbow] Flare · first_building Siege Workshop |
| 18:31 | FuLongGamingYT · age_up castle |
| 18:33 | Road To Herald · age_up castle |
| 18:37 | Deret Fourier · wall_segment Palisade Wall x1 |
| 18:38 | Deret Fourier · wall_segment Palisade Wall x1 |
| 18:38 | Deret Fourier · wall_segment Palisade Wall x1 |
| 18:39 | Deret Fourier · wall_segment Palisade Wall x1 |
| 18:43 | [BONEK]PanguluSati69 · age_up castle |
| 18:48 | FuLongGamingYT · first_building Castle |
| 19:47 | [BONEK]PanguluSati69 · first_building Castle |
| 20:03 | FuLongGamingYT · wall_segment Stone Wall x2 |
| 20:28 | [BONEK]PanguluSati69 · first_building Siege Workshop |
| 20:30 | Deret Fourier · wall_segment Palisade Wall x1 |
| 20:36 | Deret Fourier · wall_segment Stone Wall x1 |
| 20:38 | Deret Fourier · wall_segment Stone Wall x1 |
| 20:42 | FuLongGamingYT · first_building Barracks |
| 20:57 | [BONEK]PanguluSati69 · first_market_buy 100 wood |
| 20:59 | Deret Fourier · wall_segment Stone Wall x1 |
| 21:01 | Deret Fourier · wall_segment Stone Wall x1 |
| 21:08 | Deret Fourier · wall_segment Stone Wall x1 |
| 21:10 | Deret Fourier · wall_segment Stone Wall x1 |
| 21:12 | Deret Fourier · wall_segment Stone Wall x1 |
| 21:18 | FuLongGamingYT · first_building Stable |
| 21:59 | Deret Fourier · first_building Barracks |
| 22:16 | Road To Herald · first_building Barracks |
| 24:02 | Deret Fourier · first_building Archery Range |
| 24:17 | Deret Fourier · first_building Stable |
| 24:53 | Deret Fourier · wall_segment Stone Wall x1 |
| 24:54 | Deret Fourier · wall_segment Stone Wall x5 |
| 24:57 | [BONEK]PanguluSati69 · wall_segment Stone Wall x1 |
| 24:58 | Deret Fourier · wall_segment Stone Wall x1 |
| 24:59 | Deret Fourier · wall_segment Stone Wall x12 |
| 25:11 | Road To Herald · first_building Siege Workshop |
| 25:38 | Deret Fourier · wall_segment Stone Wall x1 |
| 25:41 | Deret Fourier · wall_segment Stone Wall x1 |
| 25:45 | Deret Fourier · wall_segment Stone Wall x1 |
| 26:02 | FuLongGamingYT · wall_segment Stone Wall x10 |
| 26:03 | [BONEK]PanguluSati69 · wall_segment Palisade Wall x1 |
| 26:45 | [LOEL] - Liyuu. · age_up castle |
| 27:03 | [xbow] _syu_ · first_market_buy 100 food |
| 27:04 | [LOEL] - Liyuu. · first_market_sell 100 food |
| 27:04 | [xbow] _syu_ · first_market_sell 100 wood |
| 27:27 | SeRpenZos · wall_segment Palisade Wall x1 |
| 27:28 | SeRpenZos · wall_segment Palisade Wall x1 |
| 27:31 | SeRpenZos · wall_segment Palisade Wall x1 |
| 27:34 | SeRpenZos · wall_segment Palisade Wall x1 |
| 27:42 | SeRpenZos · wall_segment Palisade Wall x1 |
| 28:21 | SeRpenZos · wall_segment Palisade Wall x1 |
| 28:22 | SeRpenZos · wall_segment Palisade Wall x1 |
| 28:40 | FuLongGamingYT · first_building Monastery |
| 29:21 | FuLongGamingYT · wall_segment Stone Wall x13 |
| 29:40 | [xbow] _syu_ · first_building Monastery |
| 30:55 | [xbow] _syu_ · first_building Castle |
| 31:35 | [LOEL] - Liyuu. · first_market_buy 100 wood |
| 31:36 | SeRpenZos · age_up feudal |
| 31:44 | FuLongGamingYT · first_market_sell 500 wood |
| 31:48 | SeRpenZos · wall_segment Palisade Wall x1 |
| 31:57 | SeRpenZos · wall_segment Palisade Wall x1 |
| 32:47 | SeRpenZos · wall_segment Palisade Wall x1 |
| 32:59 | FuLongGamingYT · wall_segment Stone Wall x1 |
| 33:00 | FuLongGamingYT · wall_segment Stone Wall x1 |
| 33:20 | [xbow] Flare · first_market_buy 100 stone |
| 33:30 | [xbow] Flare · first_building Barracks |
| 33:43 | [xbow] _syu_ · wall_segment Palisade Wall x1 |
| 34:47 | SeRpenZos · first_market_sell 500 stone |
| 34:47 | SeRpenZos · first_market_buy 500 food |
| 35:07 | Deret Fourier · resign |
[ AI ANALYSIS · 1 CREDIT ]
What really happened in this match?
Wolo.gg analyzes every decision: build order, eco, micro, common mistakes by bracket. Personalized analysis on WhatsApp or Discord in 30 seconds.
Civ guide
Khmer
Map guide
Land Nomad
Perfil
Jugador #4033185